 Dungeon Crawl Stone Soup version 0.31-a0-358-gac0dbeb3ab (webtiles) character file.

Game seed: 6905582461692756011

1871925 Monkooky the Acrobat (level 24, 126/126 HPs)
             Began as a Felid Shapeshifter on July 25, 2023.
             Was the Champion of Ashenzari.
             Escaped with the Orb
             ... and 3 runes!
             The game lasted 02:37:30 (51843 turns).

Monkooky the Acrobat (Felid Shapeshifter)          Turns: 51843, Time: 02:37:30

Health: 126/126    AC: 15    Str: 15    XL:     24   Next: 29%
Magic:  48/48      EV: 74    Int: 12    God:    Ashenzari [******]
Gold:   3491       SH:  0    Dex: 21    Spells: 44/63 levels left
                                        Lives:  2   Deaths: 4

rFire   + .          .
                       - Unarmed
rCold   . . .        (shield unavailable)
rNeg    . . .        (body armour unavailable)
rPois   ∞            (helmet unavailable)
rElec   +            (cloak unavailable)
rCorr   .            (gloves unavailable)
SInv    +            (boots unavailable)
Will    +++..        l - amulet of the Pangnostic Seeker {Spirit, Dev, Melee} (curse)
Stlth   ++           V - ring "Mantic Oracle" {rF+, Cun, Self} (curse)
HPRegen 0.41/turn    z - ring of the Hare {EV+10, Cun, Melee} (curse)
MPRegen 0.31/turn

%: clarity, guardian spirit
@: storm-form, blinkbolt cooldown, flying, studying Dodging
A: cleaving, insubstantial, flying, very small, (claws 1), (fangs 3), see
invisible, (speed 1), (shaggy fur 3), (stealthy paws), no weapons or thrown
items, no armour, multi-lived, no potion heal 1
0: Orb of Zot
}: 3/15 runes: serpentine, barnacled, silver
a: Blinkbolt, Begin Untransformation, Renounce Religion, Shatter the Chains


You escaped.
You worshipped Ashenzari.
Ashenzari was exalted by your worship.
You were a lightning-filled tempest!
You visited 9 branches of the dungeon, and saw 45 of its levels.
You visited 1 bazaar.
You also visited: Trove, Sewer, Bailey, Gauntlet and Ice Cave.

You collected 6026 gold pieces.
You spent 2535 gold pieces at shops.

Inventory:

Jewellery
 l - the cursed amulet of the Pangnostic Seeker (around neck) {Spirit, Dev, Melee}
   (You found it on level 3 of the Shoals)

   [amulet of guardian spirit]

   It causes incoming damage to be divided between your reserves of health and
   magic.
   It has a curse which improves the following skills: Devices: Evocations and
   Shapeshifting.
   Melee Combat: Unarmed Combat.
 x - a +4 ring of slaying
 z - the cursed ring of the Hare (right paw) {EV+10, Cun, Melee}
   (You found it on level 5 of the Lair of Beasts)

   [ring of evasion]

   EV:        It affects your evasion (+10).
   It has a curse which improves the following skills: Cunning: Dodging and
   Stealth.
   Melee Combat: Unarmed Combat.
 O - the ring "Halamik" {rPois rC+ EV+5 Int-4}
   (You found it in a treasure trove)

   [ring of evasion]

   EV:        It affects your evasion (+5).
   Int:       It affects your intelligence (-4).
   rC:        It protects you from cold.
   rPois:     It protects you from poison.
 Q - a ring of willpower
 S - a ring of protection from fire
 V - the cursed ring "Mantic Oracle" (left paw) {rF+, Cun, Self}
   (You found it on level 2 of the Shoals)

   [ring of protection from fire]

   rF:        It protects you from fire.
   It has a curse which improves the following skills: Cunning: Dodging and
   Stealth.
   Introspection: Fighting and Spellcasting.
 Y - a ring of protection from cold
Talismans
 h - a blade talisman
 k - a storm talisman
Wands
 r - a wand of charming (43)
 t - a wand of digging (25)
 y - a wand of flame (64)
 B - a wand of polymorph (7)
 D - a wand of roots (53)
 N - a wand of acid (20)
 X - a wand of mindburst (28)
Scrolls
 c - 3 scrolls of silence
 d - 3 scrolls of blinking
 e - 2 scrolls of poison
 f - 4 scrolls of fear
 g - 10 scrolls of noise
 i - 6 scrolls of amnesia
 m - 2 scrolls of summoning
 o - 8 scrolls of immolation
 q - 10 scrolls of teleportation
 s - 9 scrolls of vulnerability
 w - 3 scrolls of fog
 I - 2 scrolls of torment
Potions
 a - 9 potions of mutation
 b - 4 potions of resistance
 n - 4 potions of haste
 p - 16 potions of curing
 u - 3 potions of enlightenment
 A - a potion of brilliance
 C - 4 potions of heal wounds
 E - 2 potions of magic
 G - 2 potions of cancellation
 J - 10 potions of lignification
 L - a potion of invisibility
 P - 3 potions of berserk rage
 T - 2 potions of attraction
 U - 3 potions of ambrosia
Miscellaneous
 F - a phantom mirror
 H - a sack of spiders
 K - a lightning rod (4/4)
 M - a tin of tremorstones (2/2)
 R - a box of beasts
 W - a phial of floods


   Skills:
 + Level 20.0(22.2) Fighting
 - Level 24.0(27) Dodging
 - Level 7.4(11.0) Stealth
 + Level 19.4(22.7) Unarmed Combat
 * Level 18.0(20.2) Spellcasting
 - Level 10.8 Translocations
 - Level 9.5 Transmutations
 - Level 5.0 Poison Magic
 - Level 16.0(18.4) Evocations
 - Level 20.4(22.5) Shapeshifting


You had 44 spell levels left.
You knew the following spells:

 Your Spells              Type           Power      Damage    Failure   Level
a - Apportation           Tloc           76%        N/A       1%          1
b - Passage of Golubria   Tloc           38%        N/A       1%          4
c - Wereblood             Tmut           34%        N/A       1%          2
d - Irradiate             Conj/Tmut      11%        3d15      17%         5
e - Lesser Beckoning      Tloc           76%        N/A       1%          2
f - Alistair's Intoxicat  Tmut/Pois      19%        N/A       6%          5

Your spell library contained the following spells:

 Spells                   Type           Power      Damage    Failure   Level
 Gell's Gravitas          Tloc           38%        N/A       1%          3
 Teleport Other           Tloc           38%        N/A       1%          3
 Volatile Blastmotes      Fire/Tloc      50%        2d14      1%          3
 Poisonous Vapours        Pois/Air       36%        N/A       2%          2
 Foxfire                  Conj/Fire      48%        2x1d6     4%          1
 Freeze                   Ice            48%        1d6       4%          1
 Magic Dart               Conj           48%        1d5       4%          1
 Necrotise                Necr           48%        1d6       4%          1
 Slow                     Hex            48%        N/A       4%          1
 Summon Small Mammal      Summ           48%        N/A       4%          1
 Olgreb's Toxic Radiance  Pois           24%        N/A       5%          4
 Call Imp                 Summ           24%        N/A       6%          2
 Scorch                   Fire           24%        2d6       6%          2
 Static Discharge         Conj/Air       24%        2-3/arc   6%          2
 Mephitic Cloud           Conj/Pois/Air  16%        N/A       6%          3
 Call Canine Familiar     Summ           12%        N/A       13%         3
 Dazzling Flash           Conj/Hex       24%        N/A       13%         3
 Frozen Ramparts          Ice            24%        1d4       13%         3
 Hailstorm                Conj/Ice       12%        3d5       13%         3
 Inner Flame              Hex/Fire       12%        N/A       13%         3
 Ozocubu's Armour         Ice            12%        N/A       13%         3
 Stone Arrow              Conj/Erth      24%        3d8       13%         3
 Summon Guardian Golem    Hex/Summ       12%        N/A       13%         3
 Vampiric Draining        Necr           12%        2d6       13%         3
 Eringya's Noxious Bog    Tmut/Pois      14%        4d6       32%         6
 Airstrike                Air            6%         2d(1-17)  38%         4
 Anguish                  Hex/Necr       6%         N/A       38%         4
 Cause Fear               Hex            6%         N/A       38%         4
 Flame Wave               Conj/Fire      12%        2d6       38%         4
 Leda's Liquefaction      Hex/Erth       6%         N/A       38%         4
 Summon Ice Beast         Ice/Summ       12%        N/A       38%         4
 Summon Lightning Spire   Summ/Air       12%        N/A       38%         4
 Agony                    Necr           12%        N/A       75%         5
 Borgnjor's Vile Clutch   Necr/Erth      6%         N/A       75%         5
 Freezing Cloud           Conj/Ice/Air   6%         6-21      75%         5
 Lee's Rapid Deconstruct  Erth           6%         3d6*      75%         5
 Silence                  Hex/Air        6%         N/A       75%         5
 Summon Mana Viper        Hex/Summ       12%        N/A       75%         5
 Leda's Unmaking          Conj/Erth      6%         9d2       100%        6
 Starburst                Conj/Fire      6%         6d4       100%        6
 Summon Cactus Giant      Summ           6%         N/A       100%        6
 Enfeeble                 Hex            6%         N/A       100%        7
 Monstrous Menagerie      Summ           6%         N/A       100%        7
 Ozocubu's Refrigeration  Ice            6%         4d8       100%        7
 Discord                  Hex            6%         N/A       100%        8
 Ignition                 Fire           6%         3d4       100%        8
 Lehudib's Crystal Spear  Conj/Erth      6%         10d3      100%        8
 Maxwell's Capacitive Co  Air            6%         ∞         100%        8
 Chain Lightning          Conj/Air       6%         3d8       100%        9
 Animate Armour           Summ/Erth      Unusable   N/A       N/A         4

Dungeon Overview and Level Annotations

Branches:
Dungeon (15/15)            Temple (1/1) D:4            Lair (5/5) D:8
 Shoals (4/4) Lair:2        Snake (4/4) Lair:2        Slime (0/5) Lair:4
    Orc (2/2) D:9             Elf (0/3) Orc:2        Vaults (5/5) D:14
  Crypt (0/3) Vaults:3     Depths (4/4) D:15            Zot (5/5) Depths:4
  Sewer (visited)          Bailey (visited)           IceCv (visited)
Gauntlet (visited)

Altars:
Ashenzari
Cheibriados
Dithmenos
Elyvilon
Fedhas
Gozag
Hepliaklqana
Kikubaaqudgha
Makhleb
Nemelex Xobeh
Okawaru
Qazlal
Ru
Sif Muna
Trog
Uskayaw
Vehumet
Wu Jian
Xom
Yredelemnul
Zin
The Shining One
Jiyva

Shops:
Orc:2 [[*(:   Shoals:1 :   Snake:2 *   Vaults:1 [*   Vaults:2 =   Vaults:4 :
Vaults:5 (=:!?   Depths:1 =([   Depths:3 [

Portals:
Hell: Depths:1 Depths:2 Depths:3 Depths:4
Abyss: Depths:2 Depths:3
Pandemonium: Depths:1 Depths:2
Ziggurat: Depths:1

Annotations:
D:3 1 runed translucent door, LeprechaunX's ghost, amateur OpSh
D:4 3 runed translucent doors, HallandMoats's ghost, amateur DsFi
D:7 exclusion: downstairs
D:8 howech's ghost, novice MiBe
D:10 exclusion: 2 doors
D:11 4 transporters, Bediveer's ghost, journeyman DrSh
D:15 Roxanne
Lair:1 3 runed translucent doors, SirDiesAlot's ghost, journeyman OpSh
Lair:4 exclusions: downstairs, 2 killer bees, 2 meliai and 4 more exclusions
Lair:5 exclusion: obsidian statue
Snake:1 3 runed translucent doors, Shard1697's ghost, journeyman DrSh
Depths:1 exclusion: downstairs


Innate Abilities, Weirdness & Mutations

You are a lightning-filled tempest!
Your electrical attacks strike out in all directions at once.
You are incredibly evasive.
Your insubstantial body is immune to petrification, constriction, and being set on fire You are flying.
You are immune to poison.
((You have sharp claws.))
((You have razor-sharp teeth.))
You have supernaturally acute eyesight. (SInv)
((You cover ground quickly. (Speed+)))
((Your thick and shaggy fur keeps you warm. (AC +3, rC+)))
((Your paws help you pounce on unaware monsters.))
You are incapable of wielding weapons or throwing items.
You cannot wear armour.
You gain extra lives every three experience levels.
Potions are less effective at restoring your health.


Message History

There is a stone staircase leading down here.
There is a stone staircase leading up here.
You fly upwards.
Level annotation: 1 runed translucent door, LeprechaunX's ghost, amateur OpSh
There is a stone staircase leading down here.
There is a stone staircase leading up here.
You fly upwards.
There is a stone staircase leading down here.
A Hell Sentinel comes into view.
There is a stone staircase leading up here.
Press: ? - help, v - describe, . - travel A stone staircase leading up.
This square is covered in magical glow.
You fly upwards.
There is a stone staircase leading down here.
(D) Dungeon (T) Temple (L) Lair (A) Shoals (P) Snake Pit (M) Slime Pits (O) Orcish Mines (E) Elven Halls (V) Vaults (C) Crypt (U) Depths (H) Hell (Z) Zot
Where to? (Enter - D:1, ? - help) You're already here!
Unknown command.
You sense a monster nearby.
There is an open door here.
Things that are here:
2 stones; a +0 dagger
Aiming: Dig
Press: ? - help, Shift-Dir - straight line This square is covered in magical glow.
The rock shatters into small pieces.
An Orb Guardian comes into view.
Aiming: Blinkbolt
Press: ? - help, Q - select action, (/) - cycle Dir - move target, f - Orb Guardian
Aim: an Orb Guardian (93% to hit)
The shock of your passage hits the Orb Guardian!!!!
You kill the Orb Guardian!
You blink.
Unknown command.
There is a staircase leading out of the dungeon here.
You have escaped!

##.## #...P♣♣..##.######..
##...## ##..PP♣.P.##.# #.#
#.....#
##.P..P.PPP##.######.#
##...##
####.......PP.#..........
..#.##
##..........P....#######.#
#.#.####.........P...####
#.# .............PP...PP..#
#.. ###.###....PPP...P♣.P.#
### #.# ##.P.♣.♣♣Pv..♣PP#
#.# #..PPP♣P.PP.PP.# ###.#
##...P.♣♣♣P.P..# [...#
#.....PP.....## ##..#
#.##......#.#########
#..#####.##...#.##.........#
#..##.÷.......#.####.#####.#
##...#.#####...#.# #.# #.#
## #......# ####.##.####.#
###.####.


There were no monsters in sight!

Vanquished Creatures
  4 ancient liches
  5 orbs of fire (Zot:5)
  A juggernaut (Depths:2)
  3 Killer Klowns
  Vashnia (Snake:4)
  A caustic shrike (Depths:2)
  Jory (Depths:4)
  6 golden dragons
  2 electric golems
  10 tentacled monstrosities
  A Hell Sentinel (Depths:3)
  8 titans (Vaults:5)
  19 Orb Guardians
  4 liches
  Asterion (Snake:3)
  The ghost of Mofoompusch the Warrior, an adept NaCA of Ignis (Shoals:3)
  The ghost of Mofoompusch the Warrior, an adept NaCA of Ignis (Shoals:3)
  10 quicksilver dragons
  Polyphemus (Shoals:3)
  An ancient champion (Vaults:3)
  8 sphinxes
  5 death cobs
  4 shadow dragons
  Agnes (D:15)
  The ghost of Cufutal the Crack Shot, an adept MiHu of Okawaru (Shoals:3)
  8 storm dragons
  7 tengu reavers
  4 draconian monks
  A nagaraja (Snake:4)
  Aizul (Snake:3)
  6 frost giants
  3 draconian knights
  A ghost moth (Zot:5)
  6 fire giants
  A deep elf sorcerer (Vaults:5)
  18 vault wardens
  4 draconian scorchers
  Louise (Snake:4)
  A curse skull (Vaults:3)
  21 ironbound preservers
  2 orc warlords (Orc:2)
  4 reapers
  An iron dragon (Depths:4)
  6 draconian shifters
  2 draconian annihilators (Zot:1)
  18 stone giants
  14 very ugly things
  5 war gargoyles
  2 spriggan defenders
  A stone giant (shapeshifter) (Vaults:4)
  The ghost of Pobapin the Markskobold, an adept KoHu of Hepliaklqana (Shoals:3)
  The ghost of Newt the Markskobold, an adept KoHu of Hepliaklqana (Shoals:2)
  A quicksilver ooze (shapeshifter) (Vaults:4)
  A formless jellyfish (Vaults:1)
  A vampire knight (Depths:2)
  7 ironbound thunderhulks
  5 black draconians
  3 green draconians (Zot:3)
  2 deep elf demonologists (Vaults:5)
  18 dire elephants
  Nessos (D:13)
  5 red draconians
  4 yellow draconians
  7 white draconians
  Azrael (Snake:3)
  A spark wasp (Depths:2)
  A minotaur (Gauntlet)
  5 purple draconians
  A merfolk javelineer (Shoals:4)
  9 merfolk impalers
  A deep elf death mage (Vaults:5)
  3 crystal guardians
  4 ettins
  4 fire dragons
  19 yaktaur captains
  2 rakshasas
  5 great orbs of eyes
  4 ice dragons
  36 vault guards
  6 hydras
  4 peacekeepers
  3 salamander tyrants
  4 ogre magi
  An anaconda (shapeshifter) (Vaults:5)
  11 centaur warriors
  10 ironbound frosthearts
  3 merfolk avatars
  7 two-headed ogres
  5 boulder beetles
  4 spriggan air magi
  15 anacondas
  2 catoblepae
  A deep troll shaman (Depths:2)
  3 tengu warriors
  6 merfolk aquamancers (Shoals:4)
  17 naga warriors
  A death scarab (Gauntlet)
  6 deep troll earth magi
  A satyr (Shoals:4)
  3 hell hogs (Depths:3)
  15 naga sharpshooters
  9 death yaks
  7 shock serpents
  4 spriggan berserkers
  A sun demon (Depths:4)
  3 orc high priests
  5 skysharks
  A spark wasp zombie (D:15)
  13 hell knights
  4 iron trolls
  The ghost of innerfire43 the Basher, a novice DsMo of Cheibriados (D:8)
  4 salamander mystics
  2 spectral death yaks (Lair:5)
  A skeletal warrior (D:15)
  The ghost of Newt the Mimic, a novice DsGl of Okawaru (D:8)
  A flayed ghost (Depths:1)
  A sea snake (shapeshifter) (Vaults:4)
  12 sea snakes
  A spectral anaconda (Lair:5)
  12 lindwurms
  10 naga ritualists
  53 deep trolls
  An orb spider (shapeshifter) (Vaults:5)
  2 deep elf archers
  5 glowing orange brains
  22 ironbound convokers
  7 phantasmal warriors
  An obsidian statue (IceCv)
  12 wizards
  A bog body (IceCv)
  3 spriggan simulacra (IceCv)
  An iron dragon zombie (D:15)
  Pikel (D:6)
  4 deep elf pyromancers
  2 orc knights
  20 mana vipers
  An oklob plant (Lair:2)
  18 harpies
  10 necromancers
  32 ugly things
  11 cyclopes
  23 salamanders
  A manticore (shapeshifter) (Vaults:4)
  7 manticores
  3 fauns
  A faun (shapeshifter) (Vaults:4)
  6 orc sorcerers
  A water nymph (shapeshifter) (Vaults:5)
  2 fire giant skeletons (D:15)
  18 elephants
  8 guardian serpents (Snake:4)
  19 vault sentinels
  A dire elephant zombie (Lair:5)
  51 black mambas
  A guardian serpent (shapeshifter) (D:13)
  20 naga magi
  7 merfolk sirens
  5 moths of wrath
  12 cane toads
  A molten gargoyle (Depths:1)
  A rust devil (Depths:2)
  2 gargoyles
  A smoke demon (Depths:2)
  12 water nymphs
  2 unseen horrors (D:10)
  8 rime drakes
  2 minotaur zombies (Gauntlet)
  6 komodo dragons
  12 freezing wraiths
  2 kobold demonologists (D:12)
  2 tengu conjurers (Depths:3)
  2 ice devils
  24 yaktaurs
  A guardian mummy (D:15)
  An efreet (D:15)
  8 wind drakes
  25 merfolk
  7 trolls
  6 hornets
  A meliai (shapeshifter) (Vaults:5)
  A hellwing (Depths:2)
  2 polar bears
  10 blink frogs
  17 dream sheep
  6 spriggans
  A jumping spider (shapeshifter) (D:13)
  2 spectral elephants (Lair:5)
  9 air elementals (Shoals:4)
  26 slime creatures
  7 snapping turtles
  23 water elementals
  2 shadows
  A wyvern (shapeshifter) (Vaults:5)
  9 wyverns
  3 fire elementals (Snake:3)
  57 yaks
  A wraith (Vaults:3)
  11 basilisks
  A chaos spawn (Gauntlet)
  A neqoxec (Gauntlet)
  A steam dragon (D:6)
  6 vampire mosquitoes (D:14)
  7 minotaur simulacra (IceCv)
  8 wargs
  Menkaure (D:6)
  An acid dragon (D:11)
  A spectral cane toad (Gauntlet)
  39 nagas
  A harpy simulacrum (IceCv)
  A hydra simulacrum (IceCv)
  19 water moccasins
  4 hell hounds
  31 orc warriors
  A sky beast (shapeshifter) (D:15)
  A black bear (D:6)
  Pargi (Sewer)
  An ice beast (D:6)
  An elephant zombie (Lair:5)
  2 sky beasts
  3 ettin simulacra (Depths:3)
  An alligator simulacrum (IceCv)
  12 centaurs
  13 ogres
  2 boggarts
  16 wolves
  5 phantoms
  3 kobold brigands
  16 bullfrogs
  2 gnoll sergeants
  3 deep troll simulacra (IceCv)
  3 scorpions
  3 wights (D:8)
  2 troll zombies (D:9)
  2 elephant simulacra (Lair:5)
  6 killer bees (D:10)
  2 lindwurm simulacra (IceCv)
  4 howler monkeys
  An iron imp (D:9)
  A hound (D:6)
  6 jellies
  22 orc priests
  A gnoll bouda (Lair:3)
  Jessica (D:2)
  3 iguanas
  15 orc wizards
  A sleepcap (D:5)
  7 hell rats (Lair:3)
  6 ogre zombies (D:9)
  Robin (D:1)
  10 gnolls
  6 river rats (D:4)
  15 adders
  A shadow imp (D:6)
  3 white imps
  2 ufetubi
  4 worms
  2 dart slugs
  71 orcs
  3 ball pythons
  5 bats
  10 endoplasms
  6 giant cockroaches
  16 goblins
  9 hobgoblins
  3 jackals (D:1)
  9 quokkas
  A frilled lizard (D:2)
  A goblin zombie (D:9)
  2 hobgoblin skeletons (D:9)
  2 hobgoblin zombies (D:9)
  20 kobolds
  3 orc skeletons (D:9)
  17 orc zombies (D:9)
  3 rats
  A fire vortex (Depths:1)
  3 spectral weapons
1839 creatures vanquished.

Vanquished Creatures (collateral kills)
  A vault warden (Vaults:2)
  An ironbound preserver (Vaults:2)
  A vault guard (Vaults:2)
  A spriggan simulacrum (IceCv)
  An ice devil (IceCv)
  3 yaks (Lair:5)
  A harpy simulacrum (IceCv)
  An orc warrior (D:9)
  An orc priest (D:9)
  An orc wizard (D:9)
  An orc (D:9)
13 creatures vanquished.

Vanquished Creatures (others)
  An ancient lich (Vaults:5)
  A lich (D:9)
  A frost giant (Depths:3)
  A red devil (D:9)
  An ogre (Bailey)
  A ball python (D:2)
6 creatures vanquished.

Grand Total: 1858 creatures vanquished

Notes
Turn   | Place    | Note
-------+----------+-------------------------------------------
     0 | D:1      | Monkooky the Felid Shapeshifter began the quest for the
                  | Orb.
     0 | D:1      | Reached XP level 1. HP: 9/9 MP: 2/2
    87 | D:1      | Reached skill level 3 in Dodging
   118 | D:1      | Reached XP level 2. HP: 11/12 MP: 3/3
   745 | D:1      | Reached XP level 3. HP: 16/16 MP: 4/4
  1012 | D:2      | Noticed Robin
  1121 | D:1      | Killed Robin
  1122 | D:1      | Reached skill level 4 in Dodging
  1282 | D:2      | Reached XP level 4. HP: 13/20 MP: 5/5
  1384 | D:2      | You fall into a shaft and drop 2 floors!
  1468 | D:4      | Found a staircase to the Ecumenical Temple.
  1474 | Temple   | Entered the Ecumenical Temple
  1494 | Temple   | Became a worshipper of Ashenzari the Shackled
  1730 | D:4      | Found a glowing drain.
  1734 | D:4      | Reached XP level 5. HP: 22/24 MP: 6/6
  1745 | Sewer    | Entered a sewer
  1747 | Sewer    | Noticed Pargi
  1764 | Sewer    | Killed Pargi
  1765 | Sewer    | Reached skill level 5 in Dodging
  1957 | Sewer    | Gained mutation: You are covered in thick fur. (AC +2)
                  | [Felid growth]
  1957 | Sewer    | Reached XP level 6. HP: 26/28 MP: 7/7
  2222 | D:3      | Found a runed translucent door.
  2222 | D:3      | Noticed LeprechaunX's ghost (amateur OpSh)
  2259 | D:3      | Reached * piety under Ashenzari
  2259 | D:3      | Reached ** piety under Ashenzari
  2469 | D:2      | Noticed Jessica
  2479 | D:2      | Killed Jessica
  2953 | D:3      | Found a sacrificial altar of Ru.
  3473 | D:4      | Identified a scroll of acquirement
  3484 | D:4      | Acquired a manual of Dodging
  3501 | D:4      | Found a runed translucent gate.
  3501 | D:4      | Found a runed translucent gate.
  3501 | D:4      | Found a runed translucent gate.
  3502 | D:4      | Noticed HallandMoats's ghost (amateur DsFi)
  3743 | D:4      | Found an ornate altar of the Wu Jian Council.
  3766 | D:4      | Reached skill level 6 in Dodging
  4186 | D:4      | Reached skill level 7 in Dodging
  4235 | D:5      | Entered Level 5 of the Dungeon
  4600 | D:5      | Reached skill level 8 in Dodging
  4604 | D:5      | Reached XP level 7. HP: 27/31 MP: 8/8
  4645 | D:5      | Reached skill level 9 in Dodging
  4733 | D:5      | Found a white marble altar of Elyvilon.
  4750 | D:5      | Reached skill level 10 in Dodging
  4864 | D:5      | Reached skill level 11 in Dodging
  5044 | D:5      | Identified the +4 spear "Merrecor" {protect, Int+6}
  5243 | D:5      | Reached skill level 12 in Dodging
  5377 | D:6      | Noticed Menkaure
  5390 | D:6      | Killed Menkaure
  5391 | D:6      | Reached skill level 13 in Dodging
  5391 | D:6      | Reached XP level 8. HP: 20/34 MP: 9/9
  5474 | D:6      | Noticed Pikel
  5516 | D:6      | Killed Pikel
  5517 | D:6      | Reached skill level 16 in Dodging
  5659 | D:6      | Reached skill level 17 in Dodging
  5737 | D:6      | Found a stormy altar of Qazlal.
  5886 | D:6      | Learned a level 1 spell: Apportation
  5914 | D:6      | Reached skill level 18 in Dodging
  5914 | D:6      | Reached XP level 9. HP: 23/38 MP: 10/10
  6347 | D:6      | Reached skill level 5 in Shapeshifting
  6549 | D:7      | Killed from afar by an orc priest
  6550 | D:7      | Reached XP level 8. HP: -2/25 MP: 9/9
  6882 | D:7      | Found a flagged portal.
  6887 | Bailey   | Entered a bailey
  6932 | Bailey   | Reached XP level 9. HP: 7/38 MP: 10/10
  7582 | D:8      | Found a runed translucent gate.
  7583 | D:8      | Found a runed translucent gate.
  7584 | D:8      | Found a runed translucent gate.
  7590 | D:8      | Noticed Newt's ghost (novice DsGl)
  7590 | D:8      | Noticed innerfire43's ghost (novice DsMo)
  7591 | D:8      | Noticed howech's ghost (novice MiBe)
  7841 | D:8      | Killed Newt's ghost
  8216 | D:9      | Noticed a deep elf archer
  8239 | D:9      | Killed a deep elf archer
  8240 | D:9      | Reached skill level 5 in Fighting
  8240 | D:9      | Reached skill level 5 in Unarmed Combat
  8407 | D:9      | Reached XP level 10. HP: 30/44 MP: 11/11
  8439 | D:9      | Found a staircase to the Orcish Mines.
  8471 | D:9      | Found a snail-covered altar of Cheibriados.
  8974 | D:9      | Noticed a centaur warrior
  8986 | D:9      | Killed a centaur warrior
  9277 | D:10     | Entered Level 10 of the Dungeon
  9285 | D:10     | Reached skill level 1 in Evocations
  9561 | D:10     | Identified the +3 falchion of the Briny Deep {spect, rElec
                  | Str+3 Dex+3}
 10372 | D:11     | Noticed a cyclops
 10384 | D:11     | Killed a cyclops
 10433 | D:11     | Noticed a manticore
 10455 | D:11     | Killed a manticore
 10564 | D:11     | Found a transporter.
 10566 | D:11     | Found a transporter.
 10566 | D:11     | Noticed a boulder beetle
 10566 | D:11     | Noticed a boulder beetle
 10568 | D:11     | Noticed a boulder beetle
 10602 | D:11     | Noticed a green ugly thing
 10733 | D:11     | Killed a green ugly thing
 10836 | D:11     | Reached XP level 11. HP: 51/52 MP: 12/12
 10842 | D:11     | Noticed a boulder beetle
 10971 | D:8      | Killed innerfire43's ghost
 11267 | D:8      | Found a staircase to the Lair.
 11296 | D:8      | Reached *** piety under Ashenzari
 11296 | D:8      | Reached **** piety under Ashenzari
 11902 | Lair:1   | Entered Level 1 of the Lair of Beasts
 11906 | Lair:1   | Found a runed translucent gate.
 11907 | Lair:1   | Found a runed translucent gate.
 11907 | Lair:1   | Found a runed translucent gate.
 11937 | Lair:1   | Found a glowing golden altar of the Shining One.
 11961 | Lair:1   | Noticed a catoblepas
 11992 | Lair:1   | Killed a catoblepas
 12001 | Lair:1   | Reached skill level 10 in Fighting
 12542 | Lair:1   | Reached skill level 10 in Shapeshifting
 12689 | Lair:1   | Noticed SirDiesAlot's ghost (journeyman OpSh)
 12689 | Lair:1   | Identified the ring "Ikiom" {Fire rElec rCorr}
 12876 | Lair:1   | Gained mutation: Your thick and shaggy fur keeps you warm.
                  | (AC +3, rC+) [Felid growth]
 12876 | Lair:1   | Reached XP level 12. HP: 37/61 MP: 13/13
 13370 | Lair:2   | Found a staircase to the Snake Pit.
 14348 | Lair:2   | Found a snail-covered altar of Cheibriados.
 14783 | Lair:3   | Noticed a six-headed hydra
 14882 | Lair:2   | Found a staircase to the Shoals.
 15475 | Lair:3   | Noticed a four-headed hydra
 15481 | Lair:3   | Killed from afar by a rime drake
 15482 | Lair:3   | Reached XP level 11. HP: -1/58 MP: 21/21
 15872 | Lair:3   | Reached XP level 12. HP: 63/63 MP: 13/13
 15994 | Lair:3   | Killed a four-headed hydra
 16223 | Lair:4   | Found a staircase to the Slime Pits.
 16224 | Lair:4   | Found a viscous altar of Jiyva.
 16785 | Lair:4   | Noticed a death yak
 16789 | Lair:4   | Noticed a death yak
 16789 | Lair:4   | Noticed a death yak
 16789 | Lair:4   | Noticed a death yak
 16790 | Lair:4   | Noticed a death yak
 16805 | Lair:4   | Killed a death yak
 16821 | Lair:4   | Killed a death yak
 16821 | Lair:4   | Killed a death yak
 18026 | Lair:5   | Entered Level 5 of the Lair of Beasts
 18164 | Lair:5   | Identified the ring of Dishonesty {rElec rN+ Int+3}
 18180 | Lair:4   | Reached skill level 10 in Unarmed Combat
 18180 | Lair:4   | Reached XP level 13. HP: 50/68 MP: 14/14
 19404 | Lair:5   | Identified the +7 dagger of Favy Gyem {freeze, Str+3}
 19404 | Lair:5   | Noticed a dire elephant
 19405 | Lair:5   | Noticed a dire elephant
 19405 | Lair:5   | Found the ring of the Hare {EV+10}
 19415 | Lair:5   | Noticed a dire elephant
 19426 | Lair:5   | Killed a dire elephant
 19873 | Lair:5   | Noticed a dire elephant
 19878 | Lair:5   | Noticed a dire elephant
 20159 | Lair:5   | Killed a dire elephant
 20490 | Lair:5   | Killed a dire elephant
 20677 | Lair:5   | Killed a dire elephant
 20899 | Lair:5   | Killed a dire elephant
 21916 | D:11     | Found a transporter.
 21929 | D:11     | Found a transporter.
 21949 | D:11     | Noticed Bediveer's ghost (journeyman DrSh)
 21951 | D:11     | Found a bloodstained altar of Trog.
 22150 | D:11     | Reached ***** piety under Ashenzari
 22150 | D:11     | Reached ****** piety under Ashenzari
 22348 | D:12     | Reached XP level 14. HP: 72/72 MP: 15/15
 23562 | Orc:1    | Entered Level 1 of the Orcish Mines
 23851 | Orc:2    | Entered Level 2 of the Orcish Mines
 23864 | Orc:2    | Found Osefu's General Store.
 23864 | Orc:2    | Noticed an orc warlord
 23877 | Orc:2    | Mangled by a sun demon
 23878 | Orc:2    | Reached XP level 13. HP: -13/68 MP: 14/14
 23878 | Orc:2    | Found Ofolome's Antique Weapon Boutique.
 23879 | Orc:2    | Paralysed by an orc sorcerer for 3 turns
 24590 | D:13     | Noticed Nessos
 24616 | D:13     | Shot with an arrow by Nessos
 24617 | D:13     | Reached XP level 12. HP: -4/64 MP: 13/13
 24753 | D:13     | Noticed a centaur warrior
 24758 | D:13     | Killed a centaur warrior
 24762 | D:13     | Noticed a five-headed hydra
 24800 | D:14     | Noticed an eight-headed hydra
 25015 | D:13     | Killed Nessos
 25195 | D:13     | Killed a five-headed hydra
 25196 | D:13     | Reached skill level 15 in Shapeshifting
 25612 | D:14     | Killed an eight-headed hydra
 25677 | D:14     | Noticed a two-headed ogre
 25678 | D:14     | Reached XP level 13. HP: 65/68 MP: 14/14
 26732 | D:15     | Entered Level 15 of the Dungeon
 26926 | D:15     | Found a staircase to the Depths.
 26934 | D:15     | Identified the +0 chain mail "Joeph" {-Tele rPois Will+
                  | Dex+3}
 27027 | D:15     | Noticed Roxanne
 27032 | D:15     | Found a gate leading to a gauntlet.
 27037 | Gauntlet | Entered a Gauntlet
 27037 | Gauntlet | Found a transporter.
 27037 | Gauntlet | Found a transporter.
 27054 | Gauntlet | Found a transporter.
 27056 | Gauntlet | Found a transporter.
 27063 | Gauntlet | Found a runed translucent door.
 27065 | Gauntlet | Found a transporter.
 27069 | Gauntlet | Found a transporter.
 27077 | Gauntlet | Found a transporter.
 27085 | Gauntlet | Identified the amulet "Weul" {rPois Regen+ rCorr Slay+2}
 27096 | Gauntlet | Found a runed translucent door.
 27096 | Gauntlet | Identified the Encyclopedia of the Mutagenic Chill
 27097 | Gauntlet | Found a transporter.
 27098 | Gauntlet | Found a runed translucent door.
 27114 | Gauntlet | Found a transporter.
 27118 | Gauntlet | Found a transporter.
 27122 | Gauntlet | Found a runed translucent door.
 27123 | Gauntlet | Found a runed translucent door.
 27126 | Gauntlet | Found a transporter.
 27130 | Gauntlet | Found a transporter.
 27189 | Gauntlet | Identified the +1 scale mail "Qausiduj" {Rampage rCorr
                  | Str+2 Stlth-}
 27278 | Gauntlet | Identified the +0 leather armour of the Farmer {rC+ rCorr}
 27278 | Gauntlet | Identified Mauroxua's Monograph on the Rank Inferno
 27278 | Gauntlet | Noticed a minotaur
 27279 | Gauntlet | Killed a minotaur
 27362 | D:15     | Noticed Agnes
 27365 | D:15     | Killed Agnes
 27793 | D:15     | Identified the +0 plate armour of Mumblety Peg {Will+}
 28339 | Orc:2    | Killed an orc warlord
 28384 | Orc:2    | Found Ittow's Book Shop.
 28420 | Orc:2    | Reached XP level 14. HP: 59/72 MP: 15/15
 28530 | Orc:2    | Bought a potion of invisibility for 104 gold pieces
 28530 | Orc:2    | Bought a tin of tremorstones (2/2) for 520 gold pieces
 28650 | Orc:2    | Found a staircase to the Elven Halls.
 28794 | Orc:2    | Found Ygejan's Antique Armour Boutique.
 28821 | Orc:2    | Found Isilegh's Armour Shoppe.
 28824 | Orc:2    | Noticed an orc warlord
 28864 | Orc:2    | Killed an orc warlord
 29129 | Snake:1  | Entered Level 1 of the Snake Pit
 29133 | Snake:1  | Found a glowing golden altar of the Shining One.
 29364 | Snake:1  | Found a runed translucent gate.
 29365 | Snake:1  | Found a runed translucent gate.
 29366 | Snake:1  | Found a runed translucent gate.
 29370 | Snake:1  | Noticed Shard1697's ghost (journeyman DrSh)
 30095 | Snake:2  | Found a flickering gateway to a bazaar.
 30125 | Bazaar   | Entered a bazaar
 30223 | Bazaar   | Found Sotywn's Book Shop.
 30236 | Bazaar   | Found Gobaim's Armour Boutique.
 30265 | Bazaar   | Found Vaoguej's Distillery.
 30265 | Bazaar   | Found Dirchenk's Assorted Antiques.
 30271 | Bazaar   | Bought a potion of heal wounds for 55 gold pieces
 30271 | Bazaar   | Bought a scroll of immolation for 44 gold pieces
 30280 | Bazaar   | Bought a potion of experience for 800 gold pieces
 30280 | Bazaar   | Bought a potion of curing for 48 gold pieces
 30280 | Bazaar   | Bought a potion of heal wounds for 80 gold pieces
 30280 | Bazaar   | Bought a potion of curing for 48 gold pieces
 30280 | Bazaar   | Bought a potion of berserk rage for 80 gold pieces
 30280 | Bazaar   | Bought a potion of heal wounds for 80 gold pieces
 30280 | Bazaar   | Bought a potion of curing for 48 gold pieces
 30280 | Bazaar   | Bought a potion of curing for 48 gold pieces
 30293 | Bazaar   | Bought a book of the Moon for 320 gold pieces
 30303 | Bazaar   | Learned a level 4 spell: Passage of Golubria
 30325 | Snake:2  | Reached XP level 15. HP: 76/76 MP: 16/16
 30486 | Snake:2  | Reached skill level 5 in Evocations
 30487 | Snake:2  | Found Mej His's CLEARANCE SALE!.
 31051 | Snake:3  | Noticed Aizul
 31065 | Snake:3  | Killed Aizul
 31073 | Snake:3  | Noticed Azrael
 31083 | Snake:3  | Killed Azrael
 31274 | Snake:3  | Reached skill level 10 in Evocations
 31570 | Snake:3  | Noticed Asterion
 31575 | Snake:3  | Killed Asterion
 32105 | Snake:4  | Entered Level 4 of the Snake Pit
 32163 | Snake:4  | Noticed Vashnia
 32175 | Snake:4  | Reached XP level 16. HP: 56/80 MP: 17/17
 32175 | Snake:4  | Reached skill level 15 in Fighting
 32175 | Snake:4  | Reached XP level 17. HP: 59/85 MP: 18/18
 32179 | Snake:4  | Killed Vashnia
 32341 | Snake:4  | Found a frozen archway.
 32363 | IceCv    | Entered an ice cave
 32777 | IceCv    | HP: 2/85 [reaper/+2 scythe of freezing (18)]
 33190 | Snake:4  | Found a shimmering blue altar of Sif Muna.
 33380 | Snake:4  | Noticed Louise
 33405 | Snake:4  | Killed Louise
 33660 | Snake:4  | Reached skill level 19 in Dodging
 33852 | Snake:4  | Got a serpentine rune of Zot
 34011 | Shoals:1 | Entered Level 1 of the Shoals
 34012 | Shoals:1 | Found Heujupio's Book Boutique.
 34713 | Shoals:2 | Found a large runed translucent door.
 34714 | Shoals:2 | Found a large runed translucent door.
 34716 | Shoals:2 | Identified the +2 sling "Tosuef" {heavy, rPois rN+ rCorr}
 34721 | Shoals:2 | Noticed Newt's ghost (adept KoHu)
 34739 | Shoals:2 | Killed Newt's ghost
 34919 | Shoals:2 | Reached XP level 18. HP: 73/91 MP: 19/19
 35330 | Shoals:3 | Noticed Mofoompusch's ghost (adept NaCA)
 35330 | Shoals:3 | Noticed Cufutal's ghost (adept MiHu)
 35330 | Shoals:3 | Found a runed translucent gate.
 35330 | Shoals:3 | Found a runed translucent gate.
 35330 | Shoals:3 | Found a runed translucent gate.
 35331 | Shoals:3 | Noticed Pobapin's ghost (adept KoHu)
 35331 | Shoals:3 | Noticed Mofoompusch's ghost (adept NaCA)
 35439 | Shoals:3 | Identified the Codex of Fascination and Accomplices
 36138 | Shoals:3 | Noticed Polyphemus
 36143 | Shoals:3 | Killed Polyphemus
 36373 | Shoals:3 | Killed Pobapin's ghost
 36389 | Shoals:3 | Killed Mofoompusch's ghost
 36393 | Shoals:3 | Killed Cufutal's ghost
 36401 | Shoals:3 | Killed Mofoompusch's ghost
 36412 | Shoals:3 | Acquired a manual of Dodging
 36586 | Shoals:4 | Entered Level 4 of the Shoals
 36624 | Shoals:4 | Identified the scarf of Whack-A-Mole {shadows, Rampage
                  | +Blink Int-4 Slay+6}
 36746 | Shoals:4 | Reached skill level 1 in Spellcasting
 37138 | Shoals:4 | Found a stormy altar of Qazlal.
 37349 | Shoals:4 | Reached skill level 5 in Spellcasting
 37350 | Shoals:4 | Identified the +1 scimitar of the Brain {heavy, rElec}
 37424 | Shoals:4 | Got a barnacled rune of Zot
 38158 | Depths:1 | Entered Level 1 of the Depths
 38186 | Depths:1 | Found Hiri's Jewellery Shop.
 38283 | Depths:1 | Reached XP level 19. HP: 99/99 MP: 34/34
 38300 | Depths:1 | Found Fuitz's Armour Boutique.
 38317 | Depths:1 | Found an iron altar of Okawaru.
 38350 | Depths:1 | Found a one-way gate leading to the halls of Pandemonium.
 38566 | Depths:1 | Reached skill level 1 in Translocations
 38746 | Depths:1 | Found a gateway to Hell.
 38754 | Depths:1 | Reached skill level 5 in Translocations
 38820 | Depths:1 | Found a one-way gateway to a ziggurat.
 38868 | Depths:1 | Found a shadowy altar of Dithmenos.
 38930 | Depths:1 | Found Raicureu's Weapon Boutique.
 39016 | Depths:2 | Found a basalt altar of Yredelemnul.
 39017 | Depths:2 | Noticed a juggernaut
 39208 | D:14     | Found a gate to the Vaults.
 39224 | Vaults:1 | Entered Level 1 of the Vaults
 39368 | Vaults:1 | Found Tibb's Armour Shop.
 39494 | Vaults:1 | Reached skill level 10 in Translocations
 39734 | Vaults:1 | Found Hiqucs's Assorted Antiques.
 39754 | Vaults:1 | Reached skill level 20 in Dodging
 39951 | Vaults:1 | Identified the +10 flail of Wyrd {flame, Str+3}
 40009 | Vaults:1 | Reached skill level 21 in Dodging
 40050 | Vaults:1 | Reached skill level 22 in Dodging
 40807 | Vaults:2 | Reached skill level 23 in Dodging
 40975 | Vaults:2 | Reached skill level 24 in Dodging
 40985 | Vaults:2 | Reached XP level 20. HP: 75/103 MP: 26/36
 41497 | Vaults:2 | Found Naokisis's Jewellery Emporium.
 41943 | Vaults:3 | Identified the +5 chain mail "Ezoexk Yzila" {Str+3 Dex+3}
 41953 | Vaults:3 | Found a portal to a secret trove of treasure.
 42032 | Vaults:3 | Found a staircase to the Crypt.
 42228 | Vaults:3 | Reached skill level 15 in Unarmed Combat
 42635 | Vaults:3 | Reached skill level 10 in Spellcasting
 43102 | Vaults:3 | Identified the +0 leather armour "Ihauxuc" {rPois Will+
                  | Dex-5}
 43919 | Vaults:4 | Reached XP level 21. HP: 109/109 MP: 39/39
 44118 | Vaults:4 | Found Unnunt's Book Shoppe.
 44519 | Vaults:4 | Reached skill level 1 in Transmutations
 44522 | Vaults:4 | Learned a level 2 spell: Wereblood
 44528 | Vaults:4 | Learned a level 5 spell: Irradiate
 44531 | Vaults:4 | Learned a level 2 spell: Lesser Beckoning
 44537 | Vaults:4 | Learned a level 5 spell: Alistair's Intoxication
 44660 | Vaults:5 | Entered Level 5 of the Vaults
 44660 | Vaults:5 | Identified the +3 demon blade of the Median {elec, Will-
                  | Dex+6 SInv}
 44735 | Vaults:5 | Reached skill level 5 in Transmutations
 44864 | Vaults:5 | Got a silver rune of Zot
 44944 | Vaults:5 | Noticed an ancient lich
 44960 | Vaults:5 | Killed an ancient lich
 44961 | Vaults:5 | Reached skill level 15 in Evocations
 44989 | Vaults:5 | Noticed an ancient lich
 44989 | Vaults:5 | Found the +5 scythe "Finisher" {speed, execute}
 44991 | Vaults:5 | Killed an ancient lich
 45002 | Vaults:5 | Found Raisull's Magic Scroll Shoppe.
 45161 | Vaults:5 | Noticed a golden dragon
 45165 | Vaults:5 | Killed a golden dragon
 45166 | Vaults:5 | Reached skill level 5 in Stealth
 45174 | Vaults:5 | Reached XP level 22. HP: 105/114 MP: 35/40
 45651 | Vaults:5 | Found Afrigye's Antique Weapon Emporium.
 45651 | Vaults:5 | Identified the +2 pair of boots of the Orb {rN+ Regen+
                  | Dex+3}
 45670 | Vaults:5 | Noticed an ancient lich
 45677 | Vaults:5 | Killed an ancient lich
 45782 | Vaults:5 | Found Jelo's Distillery.
 45788 | Vaults:5 | Bought a potion of haste for 130 gold pieces
 45788 | Vaults:5 | Bought a potion of haste for 130 gold pieces
 45920 | Vaults:5 | Noticed a golden dragon
 45929 | Vaults:5 | Killed a golden dragon
 45969 | Vaults:5 | Identified the +1 buckler of Hopoamui {+Blink Will+ Slay+3}
 46369 | Vaults:5 | Found Suproduf's Jewellery Shop.
 46408 | Vaults:5 | Found Layx's Book Shoppe.
 46490 | Vaults:3 | You paid a toll of 2 scrolls of acquirement to enter a
                  | treasure trove
 46491 | Trove    | Entered a treasure trove
 46491 | Trove    | Identified the ring "Halamik" {rPois rC+ EV+5 Int-4}
 46538 | Trove    | Identified the amulet "Viatrij" {Harm rPois Regen+ Str+2
                  | Stlth+}
 46963 | Depths:2 | Noticed a caustic shrike
 46970 | Depths:2 | Killed a caustic shrike
 46983 | Depths:2 | Killed a juggernaut
 46984 | Depths:2 | Identified the +5 glaive "Mykodd" {freeze, +Blink rElec
                  | MP-9 Dex+3}
 47282 | Depths:2 | Found a one-way gate to the infinite horrors of the Abyss.
 47483 | Depths:2 | Identified the Secrets of Fanaticism
 48054 | Depths:3 | Found Latragog's Armour Emporium.
 48653 | Depths:4 | Entered Level 4 of the Depths
 48657 | Depths:4 | Found a broken altar of Ashenzari.
 48792 | Depths:4 | Reached XP level 23. HP: 120/120 MP: 44/44
 49363 | Depths:4 | Noticed Jory
 49371 | Depths:4 | Killed Jory
 49551 | Depths:4 | Found a hazy altar of Hepliaklqana.
 49595 | Depths:4 | Reached skill level 15 in Spellcasting
 49663 | Depths:4 | Reached skill level 1 in Poison Magic
 49699 | Depths:4 | Found a gate to the Realm of Zot.
 49705 | Zot:1    | Entered Level 1 of the Realm of Zot
 49714 | Zot:1    | Identified the +7 broad axe of Gooku {holy, Str+6 Dex-3}
 49865 | Zot:1    | Reached skill level 5 in Poison Magic
 49935 | Zot:2    | Noticed a Killer Klown
 49942 | Zot:2    | Killed a Killer Klown
 50066 | Zot:3    | Noticed a Killer Klown
 50087 | Zot:3    | Killed a Killer Klown
 50279 | Zot:5    | Entered Level 5 of the Realm of Zot
 51155 | Zot:5    | Noticed an ancient lich
 51162 | Zot:5    | Killed an ancient lich
 51162 | Zot:5    | Noticed an orb of fire
 51170 | Zot:5    | Killed an orb of fire
 51178 | Zot:5    | Noticed a Killer Klown
 51180 | Zot:5    | Noticed an orb of fire
 51183 | Zot:5    | Killed a Killer Klown
 51191 | Zot:5    | Noticed an ancient lich
 51192 | Zot:5    | Noticed an orb of fire
 51193 | Zot:5    | Noticed an orb of fire
 51193 | Zot:5    | Noticed an orb of fire
 51199 | Zot:5    | Killed an ancient lich
 51200 | Zot:5    | Reached XP level 24. HP: 95/126 MP: 36/47
 51204 | Zot:5    | Killed an orb of fire
 51205 | Zot:5    | Killed an orb of fire
 51211 | Zot:5    | Killed an orb of fire
 51218 | Zot:5    | Killed an orb of fire
 51280 | Zot:5    | Identified the +5 scale mail of the Hippogriff {SInv
                  | Stlth+}
 51301 | Zot:5    | Got the Orb of Zot
 51336 | Zot:5    | Noticed an orb of fire
 51349 | Zot:5    | Gained mutation: Potions are less effective at restoring
                  | your health. [an orb of fire]
 51689 | D:9      | Noticed Sibaxt the pandemonium lord
 51843 | D:$      | Escaped with the Orb!

Illustrated notes

Levels and vault maps discovered:
D:1:      spicycebolla_arrival_clurvy, layout_loops_corners,
          chequers_decorated_corner
D:2:      layout_basic, kennysheep_nub, uniq_robin, uniq_jessica
D:3:      layout_basic, lemuel_coloured_pillars_altar, gammafunk_ghost_grave
D:4:      layout_loops_corners, mainiacjoe_overflow_paths,
          minmay_temple_entry_enclosed_plants, lightli_sewer_entry_pipes,
          gammafunk_ghost_split, nicolae_figureground_pulse
D:5:      layout_loops_cross, minmay_ruined_shrine
D:6:      layout_rooms, lemuel_doored_altar, uniq_menkaure, uniq_pikel
D:7:      layout_loops_cross, enter_bailey_3
D:8:      layout_gridville, david_lair_generic, gammafunk_ghost_cemetery
D:9:      hellmonk_crumbling_castle, layout_basic, slow_altar_2,
          zombieorc2_lemuel, minmay_three_doors
D:10:     layout_basic, kennysheep_dice
D:11:     gammafunk_boulding_lane, layout_irregular_city, serial_column_ruins,
          column_ruins_hut_pillars, column_ruins_hut, column_ruins_grid_1,
          column_ruins_columns_corner, column_ruins_open_tiny,
          column_ruins_open_tiny_water, gammafunk_ghost_wrathful_warriors
D:12:     wad_crossroads, layout_loops_ring, special_room [special_room_orc]
D:13:     layout_irregular_city, uniq_nessos
D:14:     layout_stronghold, grunt_vaults_entry_fortified
D:15:     gammafunk_depths_entry_grave, layout_basic, gauntlet_entry_generic,
          nicolae_twisty_statue_hallways, uniq_agnes, uniq_roxanne
Temple:   regret_index_temple_chain_breaker
Lair:1:   layout_regular_city, gammafunk_ghost_icy, basic_altar,
          infiniplex_staircase_pool, grunt_megastairs_3
Lair:2:   layout_loops_ring, minmay_shoals_entry_beasts,
          minmay_snake_entry_six_corridors, lemuel_oklob_altar
Lair:3:   layout_roguey [special_room_mythical_zoo], dreamdust_gnoll_shepherd
Lair:4:   layout_cave_pods, nicolae_slime_entry_slimehenge, special_room
          [special_room_bee]
Lair:5:   due_jungle_book, layout_cave_shapes, enter_volcano_3,
          grunt_megastairs_2, serial_bayou_shore_b
Shoals:1: layout_shoals, serial_shops, nicolae_book_shop_shelving,
          nicolae_shoals_wave_tunnel
Shoals:2: layout_shoals, ebering_ghost_disaster_area
Shoals:3: layout_shoals, gammafunk_ghost_cemetery, uniq_polyphemus
Shoals:4: shoals_end_hellmonk_storm_palace [storm_palace_center_ruins,
          storm_palace_corner_grid, storm_palace_corner_pillars,
          storm_palace_corner_altar, storm_palace_corner_reverse_hut]
Snake:1:  layout_misc_corridors, basic_altar, gammafunk_ghost_necromancy
Snake:2:  layout_basic, serial_shops, bzr_in_the_mist, nicolae_shop_clearance
Snake:3:  nicolae_snakescales, layout_layer_cave, hangedman_snake_pattern,
          uniq_azrael, uniq_aizul, uniq_asterion
Snake:4:  snake_pit_salamanders_mu, layout_rooms,
          portal_ice_cave_entry_pillars_three, basic_altar, grunt_ministairs_13,
          uniq_vashnia, uniq_louise
Orc:1:    layout_caves, rock_pile
Orc:2:    grunt_orc_gardens, layout_diamond_mine, grunt_orc_garden,
          grunt_orc_garden, grunt_orc_garden, grunt_orc_garden, serial_shops,
          nicolae_shop_stone, minmay_orc_temple_a
Vaults:1: nicolae_vaults_six-pack, nicolae_vaults_circle_grid_a,
          nicolae_vaults_more_shelving_2, st_diamondy, v_alt_pattern_2,
          nicolae_vaults_taking_the_gang_shopping,
          nicolae_vaults_yaktaur_gun_rack, layout_vaults_omnigrid, serial_shops,
          nicolae_shop_temple_entry_statues_fountains
Vaults:2: vaults_dpeg_cross, hangedman_vaults_unwind,
          nicolae_vaults_little_squares_6, hangedman_vaults_snaps,
          vaults_mumra_chevron, vaults_mumra_hexcomb, hangedman_vaults_maws,
          nicolae_vaults_circle_grid_b, vaults_room_stairs_pillars,
          vaults_room_door_ring, layout_vaults_omnicross, serial_shops, shop
Vaults:3: vaults_room_pools, hangedman_vaults_capsules,
          nicolae_vaults_network_square, nicolae_vaults_door_testing_chamber,
          minmay_crypt_entry_simple_round, grunt_vaults_swirl, v_misc_25,
          nicolae_vaults_angled_halls, vaults_room_pools, st_lines,
          ontoclasm_vaults_chip, vaults_dpeg_emergency_exit,
          nicolae_vaults_trapezoid_1, nicolae_vaults_specimen_jars,
          layout_vaults_ring, enter_trove_1
Vaults:4: grunt_vaults_trifunnel, v_misc_11, v_misc_2,
          nicolae_vaults_loss_of_containment, grunt_vaults_twisty,
          vaults_room_fancy_cross, nicolae_vaults_tetromino_Z_2,
          nicolae_vaults_wine_cellar, nicolae_vaults_what_the_h,
          vaults_dpeg_hooks, nicolae_vaults_trapezoid_1,
          nicolae_vaults_tetromino_L_2, nicolae_vaults_octothorpe,
          nicolae_vaults_variable_pillar_hall, vaults_room_door_ring,
          layout_vaults_omnibox, serial_shops, shop
Vaults:5
Depths:1: layout_cave_pools, enter_ziggurat_f, hangedman_tar_grid_catacomb,
          old_standard_altar, serial_shops, nicolae_shop_hallway_stairs, shop,
          nicolae_shop_real_fake_doors, pan_entry, grunt_decor_junction,
          minmay_misc_feat_x, okawaru_ov_weapons_minmay
Depths:2: minmay_cut_squares, layout_cave_pools, yredelemnul_altar_generic,
          abyss_entry, rand_demon_pan_entry_4, hell_entry, serial_bayou_shore_b
Depths:3: hangedman_elemental_death_ray, layout_twisted_cross, serial_shops,
          nicolae_shop_back_alley_shop, grunt_hell_entry_dis_grunt, abyss_entry,
          minmay_misc_feat_rows
Depths:4: evilmike_zot_entry_hall, layout_honeycomb, ashenzari_altar_1,
          hell_entry, nrook_uturn, worldfamousw_hep_ancestral_shrine, uniq_jory
Zot:1:    layout_basic, zot_minivault_1
Zot:2:    layout_basic, lemuel_lich_library
Zot:3:    layout_misc_corridors, grunt_ministairs_4
Zot:4:    layout_onion, grunt_megastairs_1
Zot:5:    layout_cellular_growth

Skill      XL: |  1  2  3  4  5  6  7  8  9 10 11 12 13 14 15 16 17 18 19 20 21 22 23 24 |
---------------+-------------------------------------------------------------------------+-----
Dodging        | 3 4 5 8 13 18 19 24 | 24.0
Fighting       | 2 3 5 8 10 13 14 15 16 17 18 19 20 | 20.0
Unarmed Combat | 4 5 7 8 10 11 12 14 16 17 18 19 | 19.4
Shapeshifting  | 4 7 9 11 15 17 18 19 20 | 20.4
Evocations     | 3 12 13 16 | 16.0
Stealth        | 3 6 7 |  7.4
Spellcasting   | 7 9 10 11 14 17 18 | 18.0
Translocations | 10 | 10.8
Transmutations | 8 9 |  9.5
Poison Magic   | 5 |  5.0

Action                     |  1- 3 |  4- 6 |  7- 9 | 10-12 | 13-15 | 16-18 | 19-21 | 22-24 || total
---------------------------+-------+-------+-------+-------+-------+-------+-------+-------++-------
  Melee: Unarmed           |    86 |   210 |   322 |   890 |  1091 |   600 |   831 |   654 ||  4684
         Bite              |    10 |    21 |    40 |   130 |    98 |       |       |       ||   299
         Punch             |     1 |     3 |    15 |    75 |   111 |    59 |   127 |   112 ||   503
   Cast: Wereblood         |       |       |       |       |       |       |     5 |     9 ||    14
         Apportation       |       |       |       |       |       |       |       |     2 ||     2
         Alistair's Intoxi |       |       |       |       |       |       |       |     1 ||     1
 Invoke: Curse Item        |       |     1 |       |     1 |     3 |     2 |       |       ||     7
         Shatter the Chain |       |       |       |       |     2 |     2 |       |       ||     4
Ability: Blinkbolt         |       |       |     1 |       |    45 |    76 |    67 |    49 ||   238
  Evoke: Wand              |       |       |    17 |     8 |     4 |    13 |     3 |     3 ||    48
         Lightning rod     |       |       |       |       |       |     4 |     2 |       ||     6
         Tin of tremorston |       |       |       |       |       |     3 |       |       ||     3
         Box of beasts     |       |       |       |       |       |     1 |     1 |       ||     2
    Use: Potion            |       |     4 |     6 |    10 |     4 |     4 |     2 |    11 ||    41
         Scroll            |       |     3 |     3 |     2 |     5 |     2 |     1 |     3 ||    19
   Stab: Sleeping          |     3 |     4 |     1 |     7 |    16 |     2 |    10 |     8 ||    51
         Distracted        |       |       |     1 |     3 |     5 |     3 |     1 |     3 ||    16
         Betrayed ally     |       |       |       |     1 |       |       |       |       ||     1
         Invisible         |       |       |       |     1 |       |       |       |       ||     1
         Petrified         |       |       |       |       |     4 |       |       |       ||     4
         Confused          |       |       |       |       |       |       |       |     2 ||     2
 Armour: Skin              |     1 |    25 |     8 |    19 |    42 |    26 |    29 |    27 ||   177
  Dodge: Dodged            |    72 |   151 |   285 |   999 |  1169 |   754 |   982 |   922 ||  5334
   Form: Storm             |       |     1 |     2 |       |     1 |       |       |       ||     4
         Beast             |       |     1 |     2 |       |       |       |       |       ||     3
         Blade             |       |       |     1 |       |       |       |       |       ||     1

Table legend: (Time is in decaauts)
 A = Elapsed time spent in this place.
 B = Non-inter-level travel time spent in this place.
 C = Inter-level travel time spent in this place.
 D = Time resting spent in this place.
 E = Time spent auto-exploring this place.
 F = Levels seen in this place.
 G = Mean time per level.
                   A        B        C        D        E       F      G
               +--------+--------+--------+--------+--------+-----+--------+
         Total |  47449 |  44399 |   3050 |   6839 |  26869 |  51 |  930.4 |
       Dungeon |  15776 |  14199 |   1577 |   1555 |   9267 |  15 | 1051.7 |
        Temple |     33 |     33 |      0 |      0 |      0 |   1 |   33.0 |
          Lair |   8893 |   8415 |    478 |   2589 |   3790 |   5 | 1778.6 |
        Shoals |   3840 |   3684 |    156 |    463 |   2546 |   4 |  960.0 |
     Snake Pit |   3660 |   3480 |    180 |    164 |   2440 |   4 |  915.0 |
  Orcish Mines |   1363 |   1282 |     81 |     12 |    957 |   2 |  681.5 |
        Vaults |   7002 |   6674 |    328 |    911 |   4284 |   5 | 1400.4 |
        Depths |   3686 |   3477 |    209 |    243 |   2505 |   4 |  921.5 |
           Zot |   1587 |   1548 |     39 |    610 |    381 |   5 |  317.4 |
        Bazaar |    185 |    185 |      0 |      0 |    154 |   1 |  185.0 |
         Trove |    100 |    100 |      0 |      0 |      0 |   1 |  100.0 |
         Sewer |    238 |    238 |      0 |      0 |    172 |   1 |  238.0 |
        Bailey |     62 |     62 |      0 |     11 |      2 |   1 |   62.0 |
      Ice Cave |    730 |    730 |      0 |    277 |    223 |   1 |  730.0 |
      Gauntlet |    289 |    289 |      0 |      2 |    146 |   1 |  289.0 |
               +--------+--------+--------+--------+--------+-----+--------+

Top non-repeatable levels by time:
  Lair:5: 2462 daAuts
  Lair:4: 1975 daAuts
  Lair:1: 1807 daAuts
Vaults:3: 1553 daAuts
Vaults:4: 1544 daAuts
     D:8: 1475 daAuts
    D:14: 1402 daAuts
 Snake:3: 1392 daAuts
Vaults:2: 1375 daAuts
     D:9: 1339 daAuts
  Lair:3: 1338 daAuts
Shoals:3: 1320 daAuts
    D:15: 1317 daAuts
  Lair:2: 1310 daAuts
Vaults:1: 1273 daAuts
